cohdb
Replays
Latest Replays
All Replays
Popular Replays
Top Player Replays
Match Explorer
How It Works
Community
CoH3 Stats
Reddit
Sign in to upload your games and track your stats! →
Sign in with Steam
Match 45466724
Unlisted
Match 45466724
Overview
Messages
Build Orders
End
Vickers Machine Gun Team
Construct Section Command Post
Construct Section Command Post
Dingo Light Scout Car
Infantry Section
Infantry Section
Construct Platoon Command Post
Humber Armored Car
Selects Air and Sea Battlegroup
Selects Commando Section Paradrop
Commando Section Paradrop
Selects Supply Surplus
Selects M1 Pack Howitzer Paradrop
Construct Company Command Post
Matilda II Heavy Tank
6-pounder Anti-tank Gun Team
Commando Section Paradrop
Construct Field Infirmary
Unlock Bishop Self-propelled Artillery
Bishop Self-propelled Artillery
AI Takeover
Elko8001
kimsimin
Skeletor
MainAcrobat
[CoA] Deathkrieg
Rush
Earthdog
Urge to Merge
0
0
Comments
sign in to comment!
No comments posted yet!